Map: Dragon Scales LE

Players

Starla - Winner!

  • Race: Protoss Protoss
  • Spawn Location: 11:00

winzboy

  • Race: Protoss Protoss
  • League: Gold
  • Spawn Location: 5:00

VOD

Have the link to the VOD?

Description

Time

  • Played on: May 24, 2023, 4:14 a.m.
  • Length: 3:02
Show
View Real Time Build Order
Export as new Build Order

Starla Protoss - Winner!

Build Orders: Cannon Rush 

Get SALT Encoding   

  12  0:00  Probe  
  13  0:12  Probe  
  14  0:24  Probe, Pylon  
  15  0:42  Probe  
  16  0:46  Forge  
  16  0:59  Probe  
  17  1:11  Probe  
  18  1:23  Probe  
  19  1:27  Pylon  
  19  1:30  Pylon  
  19  1:35  Probe  
  20  1:47  Gateway  
  20  1:48  Probe  
  20  1:49  Photon Cannon  
  20  1:52  Photon Cannon  
  21  1:55  Photon Cannon  
  21  2:03  Pylon  
  21  2:23  Photon Cannon  
  21  2:26  Photon Cannon  
  21  2:29  Photon Cannon  
  21  2:57  Photon Cannon  
Show
View Real Time Build Order
Export as new Build Order

winzboy Protoss 

Build Orders:  

Get SALT Encoding   

  12  0:01  Probe  
  13  0:15  Probe  
  14  0:22  Pylon  
  14  0:27  Probe (Chrono Boost)  
  15  0:40  Probe (Chrono Boost)  
  15  0:42  Gateway  
  16  0:49  Probe  
  17  0:56  Assimilator  
  17  1:01  Probe  
  18  1:13  Probe  
  19  1:25  Probe  
  20  1:36  Cybernetics Core  
  20  1:38  Probe  
  21  1:45  Nexus  
  21  1:50  Probe  
  21  1:54  Pylon  
  22  2:02  Probe  
  23  2:08  Assimilator  
  23  2:13  Stalker (Chrono Boost)  
  23  2:14  Probe  
  26  2:35  Gateway  
  26  2:36  Pylon  
  26  2:49  Probe  
Tags
 
League
Gold
Matchup
PvP
Replay Pack
Multiplayer
Spawn Locations
Cross Positions
Add a new tag
Caveats
  • Supply blocks, unpowered buildings, or Contaminate may cause inaccurate times.
  • Supply counts are checked every 10 seconds.